[Event "Late-Titled-Tuesday-Blitz-May-07-2024"]
[Site "Chess.com"]
[Date "2024.05.07"]
[Round "2"]
[White "LiemLe"]
[Black "albi1999"]
[Result "1-0"]
[WhiteElo "3074"]
[BlackElo "2669"]
[TimeControl "180+1"]
[EndTime "14:16:46 PDT"]
[Termination "LiemLe won by resignation"]

1. Nf3 d5 2. e3 Nf6 3. c4 e6 4.
Nc3 Nbd7 5. b3 Be7 6. Bb2 O-O 7.
Rc1 c6 8. d4 b6 9. Bd3 Bb7 10.
O-O c5 11. cxd5 Nxd5 12. Nxd5 Bxd5 13. e4 Bb7 14. Qe2 cxd4 15. Nxd4 Nc5 16. Rfd1 Nxd3 17. Qxd3 Rc8 18. Rxc8 Qxc8 19. Rc1 Qa8 20. Qg3 Bf6 21. e5 Be7 22. Rc7 Re8 23. h4 Bd5 24. Nb5 Qb8 25. Nd6 Bxd6 26. exd6 e5 27. Bxe5 1-0

[Event "Late-Titled-Tuesday-Blitz-May-07-2024"]
[Site "Chess.com"]
[Date "2024.05.07"]
[Round "2"]
[White "Msb2"]
[Black "lupta_robin"]
[Result "1-0"]
[WhiteElo "3049"]
[BlackElo "2665"]
[TimeControl "180+1"]
[EndTime "14:16:47 PDT"]
[Termination "Msb2 won by resignation"]

1. d4 d5 2. c4 c6 3. Nf3 Nf6 4. Nc3 e6 5. Qc2 Nbd7 6. cxd5 exd5 7. Bg5 Be7 8. e3 Nh5 9. Bxe7 Qxe7 10. O-O-O Nhf6 11. Bd3 O-O 12. Kb1 Re8 13. Nd2 b5 14. Rhg1 Nb6 15.
Rge1 b4 16. Na4 Nxa4 17. Qxa4 Qd6 18. f3 Bd7 19. Qc2 a5 20. g4 g6 21. h4 a4 22.
Qc5 Qxc5 23. dxc5 Kg7 24. Nf1 Re7 25. Bc2 Be8 26. Rd4 Rb7 27. Ng3 Nd7 28. e4 Nxc5 29. exd5 cxd5 30. Rxd5 Rc8 31. Rxc5 Rxc5 32. Rxe8 b3 33. axb3 axb3 34. Bd1 Rd5 35. Re1 f5 36. gxf5 gxf5 37. Nh5+ Kf7 38. Nf4 Rd2 39. Ne2 Rb4 40. Nc1 Rh2 41. Bxb3+ Kg6 42. Rg1+ Kf6 43. Rg8 Rhxh4 44.
Bc2 Rhf4 45. Nd3 h5 46. Nxb4 Rxb4 47. Rf8+ Kg7 48. Rxf5 h4 49. Rh5 1-0

[Event "Late-Titled-Tuesday-Blitz-May-07-2024"]
[Site "Chess.com"]
[Date "2024.05.07"]
[Round "2"]
[White "MarkusRagger"]
[Black "SergioMoralesG"]
[Result "1-0"]
[WhiteElo "2787"]
[BlackElo "2466"]
[TimeControl "180+1"]
[EndTime "14:16:47 PDT"]
[Termination "MarkusRagger won by resignation"]

1. d4 d5 2. c4 c6 3. Nf3 Nf6 4.
e3 Bf5 5. Nc3 e6 6. Nh4 Be4 7.
f3 Bg6 8. Qb3 Qc7 9. cxd5 exd5 10.
Bd2 Bd6 11. O-O-O O-O 12. Nxg6 hxg6 13. h4 Nbd7 14. g4 b5 15. h5 Nb6 16. hxg6 fxg6 17.
Qc2 b4 18. Ne2 c5 19. Kb1 cxd4 20. Qxc7 Bxc7 21. Nxd4 a5 22. Bd3 Kf7 23. Rc1 Be5 24. Rc6 Bxd4 25. exd4 Nc4 26. Rc7+ Ke6 27. Re1+ Ne4 28.
Bxc4 Rxf3 29. Rxe4+ Kd6 30. Bf4+ Rxf4 31. Rxf4 Kxc7 32.
Bxd5 Rd8 33. Bc4 1-0

[Event "Late-Titled-Tuesday-Blitz-May-07-2024"]
[Site "Chess.com"]
[Date "2024.05.07"]
[Round "2"]
[White "Iuckyducky"]
[Black "betta2004"]
[Result "1-0"]
[WhiteElo "2246"]
[BlackElo "2503"]
[TimeControl "180+1"]
[EndTime "14:16:48 PDT"]
[Termination "Iuckyducky won by resignation"]

1. e4 e5 2. Nf3 Nf6 3. Nc3 Bc5 4.
Bc4 d6 5. h3 O-O 6. O-O c6 7.
d3 Re8 8. Bg5 Nbd7 9. Na4 Bb4 10. Bb3 Nf8 11. Nh4 h6 12. Be3 d5 13. c3 Ba5 14.
exd5 Nxd5 15. Nf3 Ng6 16. Nc5 Bb6 17. d4 Nxe3 18. fxe3 exd4 19. exd4 Rf8 20. Nd3 Bc7 21.
Qe2 Bf5 22. Nde5 Nxe5 23. Nxe5 Bxe5 24. Qxe5 Bg6 25. Qg3 Kh7 26. h4 Qa5 27. Rae1 c5 28.
Re5 b6 29. h5 Rae8 30. hxg6+ fxg6 31. Rxe8 Rxe8 32. Bc2 Re6 33. d5 Re2 34. Qxg6+ 1-0

[Event "Late-Titled-Tuesday-Blitz-May-07-2024"]
[Site "Chess.com"]
[Date "2024.05.07"]
[Round "2"]
[White "Cuchulin"]
[Black "yobdc"]
[Result "0-1"]
[WhiteElo "2200"]
[BlackElo "2507"]
[TimeControl "180+1"]
[EndTime "14:16:48 PDT"]
[Termination "yobdc won by checkmate"]

1. d4 Nf6 2. Bf4 g6 3. Nc3 d5 4. e3 c6 5. h4 Qb6 6. Rb1 Bg7 7. h5 Nxh5 8. Rxh5 gxh5 9. Qxh5 Nd7 10. Nf3 Nf6 11.
Qh4 Bf5 12. Bd3 Bg6 13. Ne5 Ne4 14. Nxe4 dxe4 15. Bc4 f6 16. Nxg6 hxg6 17. Qg3 Qb4+ 18. c3 Qxc4 19. Qxg6+ Qf7 20. Qxe4 Rh1+ 21. Kd2 Rxb1 22.
Qxb1 e5 23. Bg3 O-O-O 24. Qf5+ Qd7 25. Qg6 c5 26. Kc2 cxd4 27. exd4 exd4 28. cxd4 Qxd4 29. a3 Qd1+ 30. Kc3 Qd4+ 31. Kc2 Qc4+ 32. Kb1 Rd1# 0-1

[Event "Late-Titled-Tuesday-Blitz-May-07-2024"]
[Site "Chess.com"]
[Date "2024.05.07"]
[Round "2"]
[White "VictorFcQNK"]
[Black "ChessAdvanceUSA"]
[Result "1-0"]
[WhiteElo "2110"]
[BlackElo "2447"]
[TimeControl "180+1"]
[EndTime "14:16:50 PDT"]
[Termination "VictorFcQNK won by resignation"]

1. d4 Nc6 2. e4 g6 3. Nf3 Bg7 4. Be3 d6 5. h3 e5 6. d5 Nce7 7. Nc3 Nf6 8. Bb5+ c6 9. dxc6 bxc6 10. Ba4 O-O 11. O-O Qa5 12. Qxd6 Re8 13. Qxe5 Qxe5 14.
Nxe5 Nxe4 15. Nxc6 Nxc3 16. bxc3 Bxc3 17. Rad1 Ba6 18. Bc5 Bxf1 19. Nxe7+ Rxe7 20. Bxe7 Be2 21. Rd7 Kg7 22. Bc5 Rc8 23. Bxa7 Ra8 24. Bb3 1-0

[Event "Late-Titled-Tuesday-Blitz-May-07-2024"]
[Site "Chess.com"]
[Date "2024.05.07"]
[Round "2"]
[White "OparinGrigoriy"]
[Black "IMRosen"]
[Result "1-0"]
[WhiteElo "3001"]
[BlackElo "2647"]
[TimeControl "180+1"]
[EndTime "14:16:52 PDT"]
[Termination "OparinGrigoriy won by checkmate"]

1. Nc3 a5 2. e4 Ra6 3. Bxa6 Nxa6 4. d4 g6 5. Nge2 Bg7 6. O-O b6 7. Bf4 Bb7 8. Qd2 h6 9. d5 Qc8 10. Rad1 e6 11. Nb5 e5 12. Be3 d6 13. a3 Ne7 14. b4 axb4 15. axb4 O-O 16. c4 g5 17. Ng3 f5 18. exf5 Nxf5 19. Nxf5 Qxf5 20. f3 Rf7 21.
Rde1 Bc8 22. h3 h5 23. Bxg5 Nxb4 24. h4 Nd3 25. Ra1 Nc5 26. Ra8 Kh7 27. Qe2 Bb7 28. Rb8 e4 29. fxe4 Qxf1+ 30. Qxf1 Rxf1+ 31. Kxf1 Ba6 32. Ra8 Bxb5 33. cxb5 Nxe4 34. Ra7 Nc3 35. Rxc7 Nxd5 36. Rd7 Kg8 37. Rxd6 Nc3 38. Rxb6 Bd4 39. Rb8+ Kf7 40. b6 Be5 41. Rc8 Nd5 42. b7 Ke6 43. Re8+ Kf5 44. Rxe5+ Kxe5 45. b8=Q+ Kd4 46.
Qh8+ Kc4 47. Qxh5 Nb4 48. Qe2+ Kb3 49. h5 Nc2 50. h6 Kb2 51. h7 Kb1 52. h8=Q Na3 53.
Qhb2# 1-0

[Event "Late-Titled-Tuesday-Blitz-May-07-2024"]
[Site "Chess.com"]
[Date "2024.05.07"]
[Round "2"]
[White "JosephRyan"]
[Black "maksimys18"]
[Result "1-0"]
[WhiteElo "2226"]
[BlackElo "2493"]
[TimeControl "180+1"]
[EndTime "14:16:52 PDT"]
[Termination "JosephRyan won by checkmate"]

1. e4 e6 2. d4 d5 3. e5 c5 4. c3 Qb6 5. Nf3 Bd7 6. a3 Bb5 7. c4 dxc4 8. Nc3 cxd4 9. Nxd4 Bd7 10. Bxc4 Nc6 11. O-O Nxd4 12. Be3 Bc5 13. b4 Bxb4 14. axb4 Rc8 15. Bxd4 Qxb4 16. Be2 Rxc3 17. Bxc3 Qxc3 18. Rxa7 Ne7 19. Ra8+ Nc8 20. Qd6 Qc6 21.
Qxc6 bxc6 22. Rd1 Ke7 23. Ba6 f6 24. f4 fxe5 25. fxe5 Rf8 26. Bxc8 Rxc8 27. Rxc8 Bxc8 28. Kf2 Ba6 29. Ke3 Bc4 30. Kd4 Bd5 31. g3 Kf7 32.
Ra1 g5 33. Ra7+ Kg6 34. Rc7 h5 35. h4 gxh4 36. gxh4 Kf5 37. Rg7 Bf3 38. Ke3 Bg4 39. Rg5# 1-0

[Event "Late-Titled-Tuesday-Blitz-May-07-2024"]
[Site "Chess.com"]
[Date "2024.05.07"]
[Round "2"]
[White "Abund"]
[Black "Supelyel"]
[Result "1-0"]
[WhiteElo "2751"]
[BlackElo "2403"]
[TimeControl "180+1"]
[EndTime "14:16:53 PDT"]
[Termination "Abund won on time"]

1. e4 d6 2. d4 Nf6 3. Nc3 e5 4. Nf3 Nbd7 5. Rg1 c6 6. g4 h6 7. h4 exd4 8. Nxd4 Nc5 9. Qe2 Be7 10. Bf4 Qb6 11. O-O-O Bd7 12. Nf5 Bxf5 13. exf5 d5 14. Bg2 Kd7 15. g5 hxg5 16. hxg5 Nh5 17. Nxd5 cxd5 18.
Rxd5+ Ke8 19. Bd6 Kf8 20. Qxe7+ Kg8 21. g6 1-0

[Event "Late-Titled-Tuesday-Blitz-May-07-2024"]
[Site "Chess.com"]
[Date "2024.05.07"]
[Round "2"]
[White "elchacal664"]
[Black "sofaceindisguise"]
[Result "1-0"]
[WhiteElo "2372"]
[BlackElo "2721"]
[TimeControl "180+1"]
[EndTime "14:16:54 PDT"]
[Termination "elchacal664 won by resignation"]

1. Nf3 d5 2. e4 dxe4 3. Ng5 e6 4. Nxe4 Nd7 5. d4 Ngf6 6. Nxf6+ Nxf6 7. c3 Be7 8. Bd3 O-O 9. Nd2 c5 10. Nf3 cxd4 11. Nxd4 e5 12. Nf5 e4 13. Nxe7+ Qxe7 14. Be2 Rd8 15. Qc2 Bg4 16. Bg5 Bxe2 17. Qxe2 Re8 18.
O-O h6 19. Bh4 Qe6 20. Bxf6 Qxf6 21. Rad1 Qe6 22. b3 Rad8 23. h3 f5 24. Rxd8 Rxd8 25. Rd1 Rxd1+ 26. Qxd1 Kh7 27. Qd4 b6 28. c4 f4 29. b4 g5 30. c5 bxc5 31. bxc5 Kg6 32. Qc3 Qc6 33. Qe5 Kf7 34. Qf5+ Ke7 35. Qh7+ Ke8 36.
Qxa7 e3 37. Qb8+ Kf7 38. fxe3 fxe3 39. Qb3+ Kg6 40. Qd3+ Kh5 41. Qxe3 Qa4 42. Qf3+ Kg6 43. Qd3+ Kf6 44. Qd6+ Kf5 45. c6 Qd1+ 46. Qxd1 1-0

[Event "Late-Titled-Tuesday-Blitz-May-07-2024"]
[Site "Chess.com"]
[Date "2024.05.07"]
[Round "2"]
[White "jamengrand"]
[Black "ccccvhhhj"]
[Result "0-1"]
[WhiteElo "2174"]
[BlackElo "2493"]
[TimeControl "180+1"]
[EndTime "14:16:54 PDT"]
[Termination "ccccvhhhj won on time"]

1. e4 e6 2. d4 d5 3. e5 c5 4. c3 Nc6 5. Nf3 Bd7 6. Bd3 Qc7 7.
O-O f6 8. Re1 O-O-O 9. Bf4 f5 10.
dxc5 Bxc5 11. Nbd2 h6 12. Nb3 Be7 13. h4 g5 14.
hxg5 hxg5 15. Nxg5 Nh6 16. Nd4 Ng4 17. Ndxe6 Bxe6 18. Nxe6 Qb6 19. Qf3 Rdg8 20. Bxf5 Nxf2 21. Nd4+ Kb8 22.
Qxf2 Ka8 23. Rad1 Bh4 24. g3 Ne7 25. Nf3 Nxf5 26. Qxb6 axb6 27. Nxh4 Nxh4 28. Kf2 Ng6 29. Rh1 Rf8 30. Rxh8 Nxh8 31. Rxd5 Ng6 32. Ke3 Ka7 33.
a4 Ne7 34. Rd7 Nf5+ 35. Ke4 b5 36. axb5 Kb6 0-1

[Event "Late-Titled-Tuesday-Blitz-May-07-2024"]
[Site "Chess.com"]
[Date "2024.05.07"]
[Round "2"]
[White "Ajedrez_con_German"]
[Black "HanSchut"]
[Result "0-1"]
[WhiteElo "2596"]
[BlackElo "2404"]
[TimeControl "180+1"]
[EndTime "14:16:59 PDT"]
[Termination "HanSchut won by resignation"]

1. Nf3 Nf6 2. e3 g6 3. d4 Bg7 4.
Be2 O-O 5. b3 d5 6. Bb2 c5 7. O-O cxd4 8. Nxd4 Nc6 9. c4 Nxd4 10.
Qxd4 dxc4 11. Qxc4 Be6 12. Qh4 Rc8 13. Nc3 Qd2 14.
Rab1 Rxc3 15. Bxc3 Qxc3 16. Bf3 b6 17. Qa4 Qc7 18. Rbc1 Qb8 19. Rfd1 h6 20. Qb4 Re8 21. h3 a5 22. Qa3 Bf8 23. Qa4 Rd8 24. Qb5 Bd7 25.
Bc6 Bxc6 26. Qxc6 Rxd1+ 27. Rxd1 e6 28. Qb5 Bc5 29. Qc6 Nd5 30. Qb5 Nc3 0-1

[Event "Late-Titled-Tuesday-Blitz-May-07-2024"]
[Site "Chess.com"]
[Date "2024.05.07"]
[Round "2"]
[White "DanielDardha2005"]
[Black "VD_coach"]
[Result "1-0"]
[WhiteElo "2887"]
[BlackElo "2605"]
[TimeControl "180+1"]
[EndTime "14:17:00 PDT"]
[Termination "DanielDardha2005 won by resignation"]

1. d4 Nf6 2. Bg5 g6 3. Bxf6 exf6 4. e3 Bg7 5. c4 d5 6. cxd5 Qxd5 7. Nc3 Qd8 8. h4 h5 9. Nge2 O-O 10. Nf4 Nd7 11. Bc4 Nb6 12. Bb3 Bg4 13. f3 Bf5 14. g4 hxg4 15. fxg4 Qe7 16. gxf5 Qxe3+ 17. Nce2 Rae8 18.
Qd2 Qe4 19. O-O-O Qxf5 20. h5 Bh6 21. hxg6 Rxe2 22. Bxf7+ Rxf7 23. gxf7+ Kxf7 24. Qxe2 Bxf4+ 25. Rd2 Bxd2+ 26. Qxd2 Nc4 27. Qh6 Qf2 28. Qh7+ Ke6 29. Qg8+ Kd6 30. Qf8+ Kc6 31. Qc5+ Kd7 32. Rh7+ Ke6 33.
Qxc4+ Kf5 34. Qd5+ Kf4 35. Rh1 Qe3+ 36. Kb1 1-0

[Event "Late-Titled-Tuesday-Blitz-May-07-2024"]
[Site "Chess.com"]
[Date "2024.05.07"]
[Round "2"]
[White "maracayo"]
[Black "Let_it_be_1"]
[Result "0-1"]
[WhiteElo "2369"]
[BlackElo "2560"]
[TimeControl "180+1"]
[EndTime "14:17:00 PDT"]
[Termination "Let_it_be_1 won by resignation"]

1. e4 e6 2. d4 d5 3. Nc3 Nf6 4. Bg5 dxe4 5. Nxe4 Be7 6. Bxf6 Bxf6 7. Nf3 O-O 8. Bd3 Bxd4 9. h4 f5 10. Neg5 Bxb2 11. Rb1 Bc3+ 12. Kf1 Nc6 13. Qe2 Qf6 14. Rb3 h6 15. Bc4 Re8 16. Rh3 Nd4 17. Nxd4 Bxd4 18. Bb5 c6 19. Bd3 hxg5 20. hxg5 Qxg5 21. Kg1 e5 22.
Bc4+ Be6 23. Rbg3 Qf4 24. Bxe6+ Rxe6 25. Rf3 Qc1+ 26. Kh2 g6 27. Qc4 Re8 28. Rhg3 Kf7 29. Rh3 Kg7 30. Rfg3 Bxf2 0-1

[Event "Late-Titled-Tuesday-Blitz-May-07-2024"]
[Site "Chess.com"]
[Date "2024.05.07"]
[Round "2"]
[White "GlavkonVVS"]
[Black "NajdorfPlayerc5"]
[Result "0-1"]
[WhiteElo "2674"]
[BlackElo "2435"]
[TimeControl "180+1"]
[EndTime "14:17:03 PDT"]
[Termination "NajdorfPlayerc5 won by resignation"]

1. c4 c5 2. Nc3 Nf6 3. g3 d5 4. cxd5 Nxd5 5. Bg2 Nc7 6. Nf3 Nc6 7. O-O e5 8. d3 Be7 9. a3 O-O 10. Be3 Be6 11.
Qa4 Nd5 12. Nxd5 Bxd5 13. Rfc1 Nd4 14. Bxd4 exd4 15. Nd2 Bxg2 16. Kxg2 Qd5+ 17. Kg1 a5 18. Nc4 Ra6 19. Qb5 Rh6 20. Nxa5 Qh5 21. Qxb7 Qxh2+ 22. Kf1 Bg5 23. Rxc5 Be3 24. fxe3 Rf6+ 25. Ke1 dxe3 26. Kd1 Rf1+ 27. Kc2 Qxe2+ 28. Kb3 Rxa1 29. Qe4 Qd1+ 30.
Kb4 e2 31. Re5 e1=Q+ 32. Qxe1 Qxe1+ 33. Rxe1 Rxe1 34. Nc4 Rd1 0-1

[Event "Late-Titled-Tuesday-Blitz-May-07-2024"]
[Site "Chess.com"]
[Date "2024.05.07"]
[Round "2"]
[White "andrew-blr"]
[Black "Zhigalko_Sergei"]
[Result "0-1"]
[WhiteElo "2603"]
[BlackElo "2887"]
[TimeControl "180+1"]
[EndTime "14:17:04 PDT"]
[Termination "Zhigalko_Sergei won by resignation"]

1. d4 Nf6 2. c4 e6 3. Nc3 Bb4 4. a3 Bxc3+ 5. bxc3 O-O 6. f3 d5 7. cxd5 exd5 8. e3 Bf5 9. Bd3 Bxd3 10. Qxd3 c5 11.
Ne2 Nc6 12. O-O Re8 13. Ng3 Qa5 14. e4 cxd4 15. cxd4 dxe4 16. fxe4 Rad8 17. Rxf6 Rxd4 18. Qf1 gxf6 19. Bb2 Rd2 20. Bxf6 Qb6+ 21. Kh1 Qf2 22. Bg5 Qxf1+ 23. Rxf1 Rd6 24. Nf5 Rg6 25. Nh6+ Kh8 26. Nxf7+ Kg7 27. Nd6 Rxd6 0-1

[Event "Late-Titled-Tuesday-Blitz-May-07-2024"]
[Site "Chess.com"]
[Date "2024.05.07"]
[Round "2"]
[White "GiorgianBarbosa"]
[Black "SoCalJuniorChess"]
[Result "1/2-1/2"]
[WhiteElo "2490"]
[BlackElo "2189"]
[TimeControl "180+1"]
[EndTime "14:17:07 PDT"]
[Termination "Game drawn by repetition"]

1. d4 Nf6 2. c4 e5 3. Nc3 exd4 4. Qxd4 Nc6 5. Qd2 Bb4 6. Qe3+ Qe7 7. Qxe7+ Nxe7 8.
Bd2 d5 9. a3 Bc5 10. b4 Bd6 11.
c5 Be5 12. Nf3 Ng6 13. e3 Ne4 14. Nxe5 Nxe5 15. Nxe4 dxe4 16. Bc3 f6 17. O-O-O Ke7 18. Be2 Bg4 19. Bxe5 Bxe2 20. Rd2 fxe5 21. Rxe2 Rad8 22. Rd1 Rd3 23. Red2 Rhd8 24. Kc2 Rxd2+ 25. Rxd2 Rxd2+ 26. Kxd2 Ke6 27. Kc3 Kd5 28. Kb3 a6 29. a4 b5 30.
cxb6 cxb6 31. Kc3 h6 32. h4 g5 33. hxg5 hxg5 34. Kb3 b5 35. g4 Kc6 36. Ka3 Kd5 37. Kb3 Kd6 38. Kb2 Kd5 39. Kb3 1/2-1/2

[Event "Late-Titled-Tuesday-Blitz-May-07-2024"]
[Site "Chess.com"]
[Date "2024.05.07"]
[Round "2"]
[White "machinegun1"]
[Black "ChessLover0108"]
[Result "0-1"]
[WhiteElo "2634"]
[BlackElo "2972"]
[TimeControl "180+1"]
[EndTime "14:17:10 PDT"]
[Termination "ChessLover0108 won by resignation"]

1. e4 c5 2. Nf3 d6 3. d4 cxd4 4. Nxd4 Nf6 5. Nc3 a6 6. Bc4 e6 7. g4 b5 8. g5 bxc4 9. gxf6 gxf6 10. Qh5 Bd7 11. Be3 Nc6 12. Nxc6 Bxc6 13. O-O-O Qc7 14. Rhg1 O-O-O 15. Rd4 Bb7 16. Na4 d5 17. exd5 exd5 18. Qf5+ Kb8 19. Qxf6 Bd6 20. Rg5 Rhe8 21. Rgxd5 Bxd5 22. Rxd5 Be5 23. Rxd8+ Rxd8 24. Qxa6 Qb7 25. Qxb7+ Kxb7 26.
b3 Bxh2 27. bxc4 h5 28. Nc5+ Kc6 29. Nd3 h4 30. f4 h3 31. Ne5+ Kb7 32. Nxf7 Rg8 33.
Ng5 Bxf4 34. Bxf4 Rxg5 35. Kd2 Rg2+ 36. Kd3 h2 37. Bxh2 Rxh2 38. Kd4 Kc6 39. a4 Rxc2 40.
a5 Ra2 41. a6 Rxa6 0-1

[Event "Late-Titled-Tuesday-Blitz-May-07-2024"]
[Site "Chess.com"]
[Date "2024.05.07"]
[Round "2"]
[White "Blackmind96"]
[Black "NelsonLinda"]
[Result "1-0"]
[WhiteElo "2899"]
[BlackElo "2614"]
[TimeControl "180+1"]
[EndTime "14:17:11 PDT"]
[Termination "Blackmind96 won by resignation"]

1. d4 Nf6 2. c4 g6 3. f3 Bg7 4. e4 d6 5. Nc3 O-O 6. Be3 e5 7. Nge2 c6 8. Qd2 exd4 9. Nxd4 d5 10. cxd5 cxd5 11. e5 Nfd7 12. f4 Nc6 13. Bb5 Ne7 14.
O-O Nc5 15. Rad1 a6 16. Be2 Ne4 17. Nxe4 dxe4 18. Nb3 Be6 19. Bc5 Qxd2 20. Rxd2 Rfe8 21. Rfd1 Nf5 22. Nd4 Nxd4 23. Rxd4 Rec8 24. Be7 Bxa2 25. Rd7 b5 26. R7d4 Be6 27. Rxe4 Rc2 28. Red4 Bf8 29. Rd8 Rcc8 30. Rxf8+ Rxf8 31. Bxf8 Kxf8 32. Ra1 Bd5 33. Kf2 Ke7 34. g4 f6 35. exf6+ Kxf6 36. Rd1 Be4 37. Rd6+ Ke7 38. Rb6 Kd7 39. Ke3 Bd5 40.
Kd4 Kc7 41. Rf6 Rd8 42. Kc5 Rd7 43. Rxa6 Bg2 44. Ra7+ Bb7 45. Bf3 b4 46. Rxb7+ 1-0

[Event "Late-Titled-Tuesday-Blitz-May-07-2024"]
[Site "Chess.com"]
[Date "2024.05.07"]
[Round "2"]
[White "wild3000"]
[Black "cycygogne"]
[Result "1-0"]
[WhiteElo "2489"]
[BlackElo "2157"]
[TimeControl "180+1"]
[EndTime "14:17:11 PDT"]
[Termination "wild3000 won by resignation"]

1. d4 f5 2. e4 fxe4 3. f3 exf3 4. Nxf3 Nf6 5. Bd3 e6 6. O-O Be7 7. c4 O-O 8. Nc3 d5 9. c5 Nc6 10. a3 a5 11. Qe2 Qe8 12. Nb5 Qd8 13. Bf4 e5 14. Nxe5 Nxd4 15. Nxd4 Bxc5 16. Nf3 Bg4 17. Be3 Re8 18. Qf2 Ne4 19. Bxe4 dxe4 20. Rac1 b6 21. b4 axb4 22. axb4 exf3 23. bxc5 fxg2 24. Qxg2 Qh4 25. Bf2 Qh5 26. cxb6 Bh3 27. Qg3 Bxf1 28. b7 Ra2 29. Qb3+ Qf7 30. Qxf7+ Kxf7 31. Rxc7+ Kf8 32. Kxf1 Ra1+ 33.
Kg2 Rb1 34. Bg3 Rb8 35. Rc8+ 1-0

[Event "Late-Titled-Tuesday-Blitz-May-07-2024"]
[Site "Chess.com"]
[Date "2024.05.07"]
[Round "2"]
[White "LaStreetCmaMaison"]
[Black "Gareth-Bale11"]
[Result "0-1"]
[WhiteElo "2613"]
[BlackElo "2895"]
[TimeControl "180+1"]
[EndTime "14:17:16 PDT"]
[Termination "Gareth-Bale11 won by resignation"]

1. b3 d5 2. Bb2 Nf6 3. Nf3 Bf5 4. d3 e6 5. Nh4 Bg4 6. g3 Be7 7. Bg2 O-O 8. Nd2 a5 9. Nhf3 a4 10. bxa4 Rxa4 11. c4 Ra8 12. Ne5 Bh5 13. cxd5 exd5 14. O-O c6 15. a4 Nbd7 16. Qb3 Nc5 17. Qd1 Re8 18. h3 Bd6 19. f4 Bxe5 20. fxe5 Nfd7 21. d4 Ne6 22. Rf2 Qb6 23. Nb3 Bg6 24. a5 Qc7 25. e3 b6 26. Bc3 bxa5 27. Nxa5 Ng5 28. Rf4 Ne4 29. Be1 c5 30. h4 h6 31. h5 Bh7 32. Qf3 Nf8 33. Bh3 Ng5 34. Qg2 Be4 35. Qf1 Nxh3+ 36. Qxh3 Ne6 37. Qg4 cxd4 38. exd4 Nxd4 39.
Bf2 Ne6 40. Be1 Qxe5 41. Ra2 Nxf4 42. gxf4 Qf6 43. Rf2 Rab8 44. Qg3 Rb1 45. Rc2 Bxc2 0-1

[Event "Late-Titled-Tuesday-Blitz-May-07-2024"]
[Site "Chess.com"]
[Date "2024.05.07"]
[Round "2"]
[White "almaguerjm"]
[Black "oskariot"]
[Result "0-1"]
[WhiteElo "2408"]
[BlackElo "2757"]
[TimeControl "180+1"]
[EndTime "14:17:20 PDT"]
[Termination "oskariot won by resignation"]

1. e4 c5 2. Nf3 e6 3. d3 Nc6 4. g3 d5 5. Nbd2 Bd6 6. Bg2 Nge7 7. O-O O-O 8. a4 f6 9. Re1 Qc7 10. c3 Bd7 11. Qb3 Kh8 12. Nf1 c4 13. dxc4 Na5 14.
Qd1 dxc4 15. e5 fxe5 16. Ng5 h6 17. Qh5 Be8 18. Qh3 Rf6 19. Ne4 Rg6 20. Be3 Nd5 21. Rad1 Bc6 22. Nxd6 Qxd6 23. Be4 Rf6 24. Bg5 Raf8 25.
Bxf6 Rxf6 26. Ne3 Qc5 27. Ng4 Rf7 28. Rd2 Nb3 29. Rde2 Nf6 30. Bxc6 Nxg4 31. Qxg4 Qxc6 32. Rd1 Nc5 33. Rd8+ Kh7 34. Rxe5 Qc7 35. Qxc4 Qxe5 36. Rd1 Qf5 37. f3 Qxf3 38. Ra1 Ne4 39. Qd4 Ng5 0-1

[Event "Late-Titled-Tuesday-Blitz-May-07-2024"]
[Site "Chess.com"]
[Date "2024.05.07"]
[Round "2"]
[White "MrKGG1"]
[Black "Axf7"]
[Result "1-0"]
[WhiteElo "2704"]
[BlackElo "2031"]
[TimeControl "180+1"]
[EndTime "14:17:20 PDT"]
[Termination "MrKGG1 won by resignation"]

1. e4 c5 2. Nc3 Nc6 3. g3 g6 4.
Bg2 Bg7 5. d3 d6 6. Be3 e6 7.
Qd2 h5 8. h3 Nge7 9. Nge2 b6 10. O-O Bb7 11. d4 O-O 12. Rad1 a6 13. f4 Qc7 14. d5 exd5 15. exd5 Nd4 16. Nxd4 cxd4 17.
Bxd4 Bxd4+ 18. Qxd4 Nf5 19. Qf2 b5 20. g4 hxg4 21. hxg4 Ng7 22. g5 Qc5 23. Qxc5 dxc5 24. Ne4 Nf5 25. Nxc5 Ra7 26. Rfe1 Rd8 27. b3 Bc8 28.
Ne4 Kg7 29. c4 bxc4 30. bxc4 a5 31. c5 Ba6 32. c6 Nd6 33. Nxd6 Rxd6 34. Rc1 Rc7 35.
Rc5 Bc8 36. Rxa5 Bf5 37. Rc5 1-0

[Event "Late-Titled-Tuesday-Blitz-May-07-2024"]
[Site "Chess.com"]
[Date "2024.05.07"]
[Round "2"]
[White "SRob2003"]
[Black "Flaccidmoves"]
[Result "1-0"]
[WhiteElo "2667"]
[BlackElo "2385"]
[TimeControl "180+1"]
[EndTime "14:17:20 PDT"]
[Termination "SRob2003 won by resignation"]

1. d4 d5 2. c4 dxc4 3. Nf3 Nf6 4. e3 b5 5. a4 b4 6. Bxc4 e6 7. O-O Bd6 8. Nbd2 Bb7 9. Qe2 Nbd7 10. e4 e5 11.
dxe5 Nxe5 12. Nxe5 Bxe5 13. Nf3 Bd4 14. Rd1 c5 15. Nxd4 cxd4 16. f3 O-O 17. Be3 Rc8 18. Bxd4 Qc7 19. b3 Qf4 20. Be3 Qh4 21. Bxa7 Nh5 22.
Bf2 Qg5 23. Be3 Qg6 24. a5 Kh8 25. a6 Ba8 26. a7 f5 27. e5 f4 28. Bf2 Ng3 29.
hxg3 fxg3 30. Be1 Qg5 31. Rd4 Rce8 32. e6 Rf6 33. Qd2 Qe5 34. f4 Qc5 35. Bxg3 Rg6 36.
Kf2 Qh5 37. Rd8 Rxg3 38. Rxe8+ Qxe8 39. Kxg3 Qg6+ 40. Kh2 1-0

[Event "Late-Titled-Tuesday-Blitz-May-07-2024"]
[Site "Chess.com"]
[Date "2024.05.07"]
[Round "2"]
[White "Nick12772"]
[Black "Kirill_Klukin"]
[Result "1/2-1/2"]
[WhiteElo "2446"]
[BlackElo "2827"]
[TimeControl "180+1"]
[EndTime "14:17:20 PDT"]
[Termination "Game drawn by repetition"]

1. Nf3 c5 2. g3 g6 3. Bg2 Bg7 4. O-O Nc6 5. c4 a6 6. Nc3 Rb8 7. a4 e6 8. d3 Nge7 9. Be3 Nd4 10. Ne4 d6 11. Nxd4 cxd4 12. Bg5 O-O 13. Bf6 Bxf6 14. Nxf6+ Kg7 15. Ne4 d5 16. Nd2 b6 17. b3 Bb7 18.
Qb1 dxc4 19. bxc4 Bxg2 20. Kxg2 b5 21. axb5 axb5 22. cxb5 Qd5+ 23. Nf3 Rxb5 24. Qa2 Qd7 25. Qa4 Rd5 26. Qxd7 Rxd7 27. Ra4 Rfd8 28. Rb1 f6 29. Rb6 e5 30. Raa6 Nd5 31. Rb2 Rc7 32. Nd2 Nc3 33.
Ne4 Nxe4 34. dxe4 Rdd7 35. Rbb6 Rf7 36. Rc6 Ra7 37. Rxf6 Rxa6 38. Rxa6 Rc7 39. Re6 Rc5 40. Rd6 Rc2 41. Kf3 Rc3+ 42. Kg2 Rc2 43. Kf3 Rc3+ 44. Kg2 Rc2 1/2-1/2

[Event "Late-Titled-Tuesday-Blitz-May-07-2024"]
[Site "Chess.com"]
[Date "2024.05.07"]
[Round "2"]
[White "MikeSailer"]
[Black "jup1978"]
[Result "0-1"]
[WhiteElo "2120"]
[BlackElo "2473"]
[TimeControl "180+1"]
[EndTime "14:17:20 PDT"]
[Termination "jup1978 won by resignation"]

1. d4 c5 2. e3 Nf6 3. Nf3 g6 4. Be2 Bg7 5. O-O O-O 6. c4 cxd4 7. exd4 d5 8. c5 b6 9. cxb6 axb6 10. Nc3 Nc6 11. h3 Ba6 12. Bf4 Bxe2 13. Qxe2 e6 14. Nb5 Ne4 15. Bc7 Qd7 16. Bxb6 Rab8 17. Bc5 Nxc5 18.
dxc5 Na5 19. a4 Rfc8 20. Ne5 Qe7 21. b4 Nb3 22. Rab1 Rxb5 23. axb5 Nd4 24. Qe3 Nxb5 25. f4 d4 26. Qd3 Nc3 27. Qxd4 Ne2+ 28. Kh1 Nxd4 29.
Rfd1 Nb5 30. Nd7 0-1

[Event "Late-Titled-Tuesday-Blitz-May-07-2024"]
[Site "Chess.com"]
[Date "2024.05.07"]
[Round "2"]
[White "ChessWarrior7197"]
[Black "Caterpiller35"]
[Result "1-0"]
[WhiteElo "3133"]
[BlackElo "2443"]
[TimeControl "180+1"]
[EndTime "14:17:21 PDT"]
[Termination "ChessWarrior7197 won by resignation"]

1. e4 c6 2. Nf3 d5 3. exd5 cxd5 4. d4 Nc6 5. c3 Bf5 6. Qb3 Qd7 7. Bb5 f6 8. O-O e6 9. Re1 Bd6 10. c4 O-O-O 11. cxd5 exd5 12. Nc3 Be4 13. Nxe4 dxe4 14. Rxe4 Nge7 15. Bd2 Qf5 16. Rae1 g5 17. Bc4 Qg6 18. d5 Ne5 19. Nxe5 Bxe5 20. Qa3 Nxd5 21. Qxa7 Nf4 22.
Bxf4 gxf4 23. Be6+ Kc7 24. Rc4+ Kd6 25. Qb6+ Ke7 26.
Bh3 Qd3 27. Rc7+ Kf8 28. Qxb7 Bxc7 29. Qxc7 Qd6 30. Qb7 Rb8 31. Qa7 Rxb2 32. Bf5 Re2 33. Rc1 Re7 34. Qa8+ Kg7 35. Qf3 Rd8 36. h3 Kh8 37. a4 Qe5 38. Bb1 Ra7 39. Rd1 Rda8 40. Bc2 Rc8 41. Bb3 Rc3 42. Rd8+ Kg7 43. Qg4+ Qg5 44. Rg8+ 1-0